 Dungeon Crawl Stone Soup version 0.20-a0-839-gdaf5c57 (console) character file.

351 nht the Ruffian (level 6, -3/51 HPs)
             Began as a Draconian Transmuter on Mar 8, 2017.
             Was an Initiate of Wu Jian.
             Slain by an ogre
             ... wielding a cursed +0 giant spiked club
              (19 damage)
             ... on level 5 of the Dungeon.
             The game lasted 00:05:08 (3467 turns).

nht the Ruffian (Draconian Transmuter)              Turns: 3467, Time: 00:05:09

Health: -3/51      AC:  7    Str: 13    XL:     6   Next: 34%
Magic:  6/9        EV: 12    Int: 15    God:    Wu Jian [......]
Gold:   207        SH:  0    Dex: 11    Spells: 5/9 levels left

rFire    . . .     SeeInvis .     - Unarmed
rCold    . . .     Gourm    .   (armour unavailable)
rNeg     . . .     Faith    .   (no shield)
rPois    .         Spirit   .   (helmet restricted)
rElec    .         Reflect  .   (no cloak)
rCorr    .         Harm     .   (no gloves)
MR       .....                  k - +0 pair of boots
Stlth    +.........             (no amulet)
Regen    0.2/turn               (no ring)
MPRegen  0.2/turn               (no ring)

@: very slightly contaminated
A: unfitting armour, horns 1, robust 1, cold-blooded, AC +6
a: Renounce Religion


You were on level 5 of the Dungeon.
You worshipped Wu Jian.
Wu Jian was noncommittal.
You were hungry.

You visited 2 branches of the dungeon, and saw 6 of its levels.

You collected 207 gold pieces.

Inventory:

Missiles
 a - 44 arrows
Armour
 k - a +0 pair of boots (worn)
Scrolls
 d - a scroll of random uselessness {unknown}
 e - a scroll of noise {unknown}
 f - 3 scrolls of teleportation {unknown}
 i - 3 scrolls of identify {unknown}
 j - 2 scrolls of enchant weapon {unknown}
 l - 2 scrolls of magic mapping {unknown}
 m - a scroll of enchant armour {unknown}
 n - 3 scrolls of amnesia {unknown}
 s - 3 scrolls of recharging {unknown}
 t - 3 scrolls of remove curse {unknown}
Potions
 g - 2 potions of magic
 h - a potion of resistance
 o - a potion of haste {unknown}
 p - 3 potions of curing {unknown}
Books
 b - a book of Changes

   Spells                             Type                      Level
   a - Beastly Appendage              Transmutation                1
   b - Sticks to Snakes               Transmutation                2
   c - Spider Form                    Transmutation/Poison         3
   d - Ice Form                       Ice/Transmutation            4
   e - Blade Hands                    Transmutation                5
Comestibles
 c - 3 bread rations
 q - 10 fruits
 r - a royal jelly
 u - a meat ration


   Skills:
 - Level 1.1 Fighting
 - Level 1.7 Dodging
 * Level 6.1 Unarmed Combat
 - Level 2.0 Spellcasting
 + Level 4.1 Transmutations


You had 5 spell levels left.
You knew the following spells:

 Your Spells              Type           Power        Failure   Level  Hunger
a - Beastly Appendage     Tmut           ##....       4%          1    #......
b - Spider Form           Tmut/Pois      #.........   30%         3    ###....


Dungeon Overview and Level Annotations

Branches:
Dungeon (5/15)             Temple (1/1) D:4

Altars:
Cheibriados
Dithmenos
Elyvilon
Fedhas
Gozag
Hepliaklqana
Kikubaaqudgha
Makhleb
Nemelex Xobeh
Okawaru
Qazlal
Ru
Sif Muna
Trog
Wu Jian
Xom
Yredelemnul
The Shining One


Innate Abilities, Weirdness & Mutations

Your plain brown scales are hard. (AC +6)
You cannot fit into any form of body armour.
You are cold-blooded and may be slowed by cold attacks.
You have a pair of small horns on your head.
You are robust. (+10% HP)


Message History

The hound skeleton closely misses you. x2
You hit the hound skeleton. You headbutt the hound skeleton.
You destroy the hound skeleton!
The Council accepts your kill.
The ogre hits you with a giant spiked club!
You punch the ogre! You headbutt the ogre.
The ogre is heavily wounded.
The ogre hits you with a giant spiked club!!
You completely miss the ogre. You punch the ogre.
The ogre is severely wounded.
You hit the ogre.
Your tail-slap misses the ogre.
The ogre is severely wounded.
The ogre barely misses you.
Casting: Spider Form
Confirm with . or Enter, or press ? or * to list all spells.
You miscast Spider Form.
You are very lightly contaminated with residual magic.
You smell something strange.
The ogre hits you with a giant spiked club!!
You die...

█.█ █..█ █.█ █. █.███..█
█.█ █. ████......█ █.█
█. ...█████..█ █.█ █.
.█████.█████..█ █.█ █.
..............█ █.█ ██
........██.██ █.█
.█.██..██..█.█████.█████
.......@................
██.██.O......███████.███
█.█████.██ █....... ...
█..█ █.██.███ █... ██.█
█.██.█ █ █..%
█.████.██.███ █<.
█..█......... █.█
██.█.█.██.███ █.█.█.██.█


You could see an ogre.

Vanquished Creatures
  An orc priest (D:4)
  2 orc wizards (D:4)
  2 iguanas (D:4)
  A hound skeleton (D:5)
  3 gnolls (D:3)
  7 adders
  A howler monkey skeleton (D:4)
  2 oozes (D:1)
  5 worms
  4 dart slugs
  3 orcs (D:4)
  2 ball pythons (D:2)
  4 giant cockroaches
  9 goblins
  6 hobgoblins
  5 jackals
  2 kobolds
  A quokka (D:4)
  A ball python skeleton (D:4)
  12 bats
  A frilled lizard (D:1)
  6 rats
80 creatures vanquished.

Notes
Turn   | Place    | Note
-------+----------+-------------------------------------------
     0 | D:1      | nht the Draconian Transmuter began the quest for the Orb.
     0 | D:1      | Reached XP level 1. HP: 16/16 MP: 3/3
   223 | D:1      | Reached XP level 2. HP: 22/23 MP: 5/5
   532 | D:1      | Reached XP level 3. HP: 18/28 MP: 6/6
   960 | D:2      | Reached skill level 4 in Unarmed Combat
  1322 | D:2      | Gained mutation: You are robust. (+10% HP) [potion of mutation]
  1322 | D:2      | Gained mutation: You have a pair of small horns on your head. [potion of mutation]
  1333 | D:2      | Learned a level 3 spell: Spider Form
  1437 | D:2      | Reached XP level 4. HP: 22/38 MP: 7/7
  2164 | D:3      | Found a blossoming altar of Fedhas.
  2309 | D:3      | Reached skill level 5 in Unarmed Combat
  2309 | D:3      | Reached XP level 5. HP: 43/44 MP: 8/8
  2566 | D:4      | Found an iron altar of Okawaru.
  2566 | D:4      | Found a deep blue altar of Sif Muna.
  2567 | D:4      | Found a burning altar of Makhleb.
  2654 | D:4      | Found a staircase to the Ecumenical Temple.
  2660 | Temple   | Entered the Ecumenical Temple
  2895 | Temple   | Became a worshipper of the Wu Jian Council
  2960 | D:4      | Reached XP level 6. HP: 51/51 MP: 9/9
  3035 | D:4      | Reached skill level 6 in Unarmed Combat
  3308 | D:5      | Entered Level 5 of the Dungeon
  3467 | D:5      | Slain by an ogre

Vault maps used:
D:1:      matt_arrival_grand_opening
D:2:      minivault_23
D:3:      fedhas_altar_fruit_tree
D:4:      grunt_temple_overflow_open, minmay_temple_entry_butterflies
D:5:      minitemple, first_bread
Temple:   eino_temple_water

Skill      XL: |  1  2  3  4  5  6 |
---------------+-------------------+-----
Unarmed Combat | 4 5 6 |  6.1
Transmutations | 3 4 |  4.1
Fighting       | |  1.1
Dodging        | |  1.7
Spellcasting   | |  2.0

Action                   |  1- 3 |  4- 6 || total
-------------------------+-------+-------++-------
Melee: Unarmed           |   143 |   139 ||   282
       Tailslap          |    12 |    10 ||    22
       Punch             |     2 |     3 ||     5
       Headbutt          |     2 |    16 ||    18
 Cast: Spider Form       |       |     2 ||     2
  Use: Potion            |     5 |     2 ||     7
 Stab: Sleeping          |     5 |     1 ||     6
  Eat: Chunk             |     2 |     6 ||     8
Armor: Skin              |    51 |    41 ||    92
Dodge: Dodged            |    94 |    83 ||   177
